 Dungeon Crawl Stone Soup version 0.22-b1-21-g5cfc168 (webtiles) character file.

180 tyranidshit the Skirmisher (level 5, 0/46 HPs)
             Began as a Demonspawn Abyssal Knight on Aug 3, 2018.
             Was a Believer of Lugonu.
             Slain by Duvessa
             ... wielding a +0 rapier
              (13 damage)
             ... on level 4 of the Dungeon.
             The game lasted 00:05:16 (2094 turns).

tyranidshit the Skirmisher (DsAK)                   Turns: 2094, Time: 00:05:16

Health: 0/46       AC:  6    Str: 13    XL:     5   Next: 33%
Magic:  6/6        EV: 12    Int: 13    God:    Lugonu [**....]
Gold:   214        SH:  0    Dex: 13    Spells: 4/4 levels left

rFire    . . .     SeeInvis .   a - +2 hand axe
rCold    . . .     Gourm    .   (no shield)
rNeg     . . .     Faith    .   e - +0 ring mail
rPois    .         Spirit   .   h - +0 helmet
rElec    .         Reflect  .   (no cloak)
rCorr    .         Harm     .   (no gloves)
MR       .....                  (no boots)
Stlth    +.........             (no amulet)
HPRegen  0.15/turn              (no ring)
MPRegen  0.10/turn              (no ring)

@: glowing
A: repulsion field 1, powered by death 1, powered by pain 1
a: Depart the Abyss, Bend Space, Renounce Religion


You were on level 4 of the Dungeon.
You worshipped Lugonu.
Lugonu was pleased with you.
You were not hungry.

You visited 1 branch of the dungeon, and saw 4 of its levels.
You visited the Abyss 1 time.

You collected 214 gold pieces.

Inventory:

Hand Weapons
 a - a +2 hand axe (weapon)
Armour
 b - a +1 leather armour
 e - a +0 ring mail (worn)
 h - a +0 helmet (worn)
Scrolls
 f - a scroll of fear
 g - a scroll of enchant weapon
 i - a scroll of remove curse
 j - 2 scrolls of teleportation
Potions
 d - a potion of invisibility
Comestibles
 c - 6 rations


   Skills:
 + Level 6.1 Fighting
 - Level 1.7 Axes
 - Level 1.7 Armour
 - Level 0.8 Dodging
 - Level 2.4 Invocations


You had 4 spell levels left.
You didn't know any spells.
Your spell library contained the following spells:

 Spells                   Type           Power        Failure   Level  Hunger
 Stone Arrow              Conj/Erth      #.....       89%         3    ####...
 Passwall                 Tmut/Erth      #.......     69%         2    ###....
 Lee's Rapid Deconstruct  Erth           #.........   100%        5    ######.
 Sandblast                Erth           #.....       54%         1    ##.....
 Petrify                  Tmut/Erth      #.......     100%        4    #####..


Dungeon Overview and Level Annotations

Branches:
Dungeon (4/15)
 Temple: D:4-7

Altars:
Ashenzari

Annotations:
D:3 Grinder
D:4 Duvessa


Innate Abilities, Weirdness & Mutations

You are surrounded by a mild repulsion field. (EV +2)
You regenerate a little health from kills.
You sometimes gain a little power by taking damage.


Message History

Dowan barely misses you.
You slash Dowan!
You kill Dowan!
Lugonu accepts your kill.
Duvessa screams in rage.
Duvessa goes berserk!
Your Fighting skill increases to level 6!
You have reached level 5!
You barely miss Duvessa. Duvessa hits you with a rapier. x2
You hit Duvessa.
Duvessa is moderately wounded.
Duvessa barely misses you. Duvessa hits you with a rapier!
You hit Duvessa but do no damage.
Duvessa is moderately wounded.
Duvessa hits you with a rapier!
* * * LOW HITPOINT WARNING * * *
You hit Duvessa.
Duvessa is moderately wounded.
Duvessa hits you with a rapier!
You die...

#########.#
##....)#
##'#####.....#
#........>...#
#....(.......#
#............#
########.....#
#.....#
##)#'## #@#.#
##e#e# #..#.#
#.##.#
#.##.#####
#........#
####.###.# #.#
#.# #.# #.#


You could see Duvessa (berserk).

Vanquished Creatures
  Dowan (D:4)
  A gnoll (D:1)
  An adder (D:4)
  3 oozes (D:1)
  3 worms
  4 dart slugs
  2 leopard geckos
  3 orcs
  2 ball pythons
  7 giant cockroaches
  6 goblins
  9 hobgoblins
  10 kobolds
  A quokka (D:2)
  10 bats
  9 frilled lizards
  6 rats
78 creatures vanquished.

Notes
Turn   | Place    | Note
-------+----------+-------------------------------------------
     0 | Abyss:1  | tyranidshit the Demonspawn Abyssal Knight began the quest for the Orb.
     0 | Abyss:1  | Reached XP level 1. HP: 18/18 MP: 2/2
   115 | Abyss:2  | Noticed an ancient zyme
   115 | Abyss:2  | Noticed a shadow wraith
   116 | Abyss:2  | Noticed a wretched star
   116 | Abyss:2  | Noticed a large abomination
   117 | D:1      | Escaped the Abyss
   157 | D:1      | Reached * piety under Lugonu
   229 | D:1      | Gained mutation: You are surrounded by a mild repulsion field. (EV +2) [demonic ancestry]
   229 | D:1      | Reached XP level 2. HP: 21/24 MP: 3/3
   342 | D:1      | Reached skill level 4 in Fighting
   355 | D:1      | Gained mutation: You sometimes gain a little power by taking damage. [demonic ancestry]
   355 | D:1      | Reached XP level 3. HP: 12/30 MP: 4/4
   796 | D:2      | Found a faded altar of an unknown god.
   818 | D:2      | Reached ** piety under Lugonu
   818 | D:2      | Gained mutation: You regenerate a little health from kills. [demonic ancestry]
   818 | D:2      | Reached XP level 4. HP: 25/38 MP: 5/5
   823 | D:2      | Reached skill level 5 in Fighting
  1839 | D:4      | Found a shattered altar of Ashenzari.
  1868 | D:4      | Noticed Grinder
  1876 | D:4      | Paralysed by Grinder for 3 turns
  1926 | D:4      | Paralysed by Grinder for 2 turns
  2047 | D:4      | Noticed Duvessa
  2048 | D:4      | Noticed Dowan
  2091 | D:4      | Killed Dowan
  2091 | D:4      | Reached skill level 6 in Fighting
  2091 | D:4      | Reached XP level 5. HP: 40/46 MP: 6/6
  2094 | D:4      | Slain by Duvessa

Skill      XL: |  1  2  3  4 |
---------------+-------------+-----
Fighting       | 4 6 |  6.1
Axes           | |  1.7
Armour         | |  1.7
Dodging        | |  0.8
Invocations    | |  2.4

Action                   |  1- 3 |  4- 6 || total
-------------------------+-------+-------++-------
Melee: Hand axe          |   121 |   121 ||   242
Invok: Depart the Abyss  |     1 |       ||     1
  Use: Scroll            |     6 |     3 ||     9
       Potion            |     3 |     4 ||     7
 Stab: Sleeping          |     1 |       ||     1
       Invisible         |       |     1 ||     1
  Eat: Chunk             |       |     2 ||     2
       Ration            |       |     1 ||     1
Armor: Leather armour    |    16 |       ||    16
       Ring mail         |    38 |    51 ||    89
Dodge: Dodged            |    65 |    98 ||   163
